[Event "Early-Titled-Tuesday-Blitz-March-26-2024"]
[Site "Chess.com"]
[Date "2024.03.26"]
[Round "4"]
[White "Kostya0705"]
[Black "Adar_07"]
[Result "0-1"]
[WhiteElo "2570"]
[BlackElo "2803"]
[TimeControl "180+1"]
[EndTime "8:38:54 PDT"]
[Termination "Adar_07 won by resignation"]

1. e4 c5 2. Nf3 Nc6 3. Nc3 g6 4. d4 cxd4 5. Nxd4 Bg7 6. Be3 Nf6 7. Bc4 Qa5 8. O-O O-O 9. h3 d6 10. Bb3 Bd7 11. f4 Rac8 12. Nf3 Rfd8 13. Qd2 Qa6 14.
a3 Na5 15. Bd4 Nxb3 16. cxb3 Bc6 17. Rae1 e5 18. Bf2 d5 19. Nxe5 Nxe4 20. Qe3 d4 21. Qe2 Qxe2 22. Nxe2 Bxe5 23. fxe5 d3 24. Nc3 d2 25.
Rd1 Rd3 26. Bxa7 Rcd8 27. Rf4 Nxc3 28. bxc3 Rxc3 29. Kf2 Rxb3 30. Be3 Rxa3 31. Rxd2 Rxd2+ 32. Bxd2 Rd3 33. Be3 h5 34. Rd4 Rc3 35. Rd8+ Kh7 36. Bd4 Rc2+ 37. Ke3 Rxg2 38. e6 Rg3+ 39. Kf4 Rf3+ 40.
Ke5 Rf5+ 41. Kd6 Rd5+ 42. Kc7 Rxd8 43. Kxd8 fxe6 44. Ke7 Bd5 45. Kf6 b5 46. h4 b4 47.
Kf7 b3 48. Be5 Kh6 49. Kf6 Be4 50. Bd4 Kh7 51. Kf7 g5 52. hxg5 h4 53. Kxe6 h3 54.
Be5 h2 0-1

[Event "Early-Titled-Tuesday-Blitz-March-26-2024"]
[Site "Chess.com"]
[Date "2024.03.26"]
[Round "4"]
[White "azikom"]
[Black "ferrufino64"]
[Result "1-0"]
[WhiteElo "2606"]
[BlackElo "2220"]
[TimeControl "180+1"]
[EndTime "8:38:55 PDT"]
[Termination "azikom won by resignation"]

1. c4 c5 2. Nc3 Nc6 3. g3 e5 4.
Bg2 g6 5. h4 h5 6. d3 Bg7 7.
Nh3 Nge7 8. Ng5 d6 9. Bd2 f6 10. Nge4 Be6 11. a3 O-O 12. b4 b6 13. Rb1 cxb4 14.
axb4 Rc8 15. b5 Nd4 16. e3 Ndf5 17. O-O d5 18. cxd5 Nxd5 19. Nxd5 Bxd5 20. Qa4 Rf7 21. Rfc1 Rfc7 22. Rxc7 Rxc7 23. Be1 Bf7 24. Qa3 Rd7 25. Bh3 Rxd3 26. Qxa7 Nxe3 27. fxe3 Rxe3 28. Qa4 Qd3 29. Nd2 Bf8 30. Bf1 Re2 31. Bxe2 Qxe2 32.
Ne4 Kg7 33. Bf2 f5 34. Nc3 Qd3 35. Rc1 e4 36. Qd4+ Qxd4 37. Bxd4+ Kg8 38. Bxb6 Bd6 39. Kf2 Be8 40. Be3 Ba3 41. Rd1 Bb2 42. Nd5 Bxb5 43.
Rb1 Bc4 44. Ne7+ Kf7 45. Nxf5 Be5 46. Nd4 Bd3 47. Rb7+ Kf6 48. Rb6+ Kf7 49. Ne6 Bc2 50. Ng5+ Kg7 51. Rc6 Bd3 52. Re6 Bb2 53. Rd6 Be5 54.
Bd4 Bxd4+ 55. Rxd4 Kf6 56. Ke3 1-0

[Event "Early-Titled-Tuesday-Blitz-March-26-2024"]
[Site "Chess.com"]
[Date "2024.03.26"]
[Round "4"]
[White "suyu28"]
[Black "Shield12"]
[Result "1-0"]
[WhiteElo "2855"]
[BlackElo "2986"]
[TimeControl "180+1"]
[EndTime "8:39:01 PDT"]
[Termination "suyu28 won by resignation"]

1. d4 Nf6 2. c4 e6 3. Nf3 d5 4. g3 dxc4 5. Bg2 c6 6. a4 a5 7. O-O Nbd7 8. Nfd2 Nb6 9. e3 c5 10.
Na3 cxd4 11. Ndxc4 Nxc4 12. Nxc4 Bc5 13. exd4 Qxd4 14.
Qb3 Nd5 15. Be3 Nxe3 16. fxe3 Qd7 17. Ne5 Qc7 18. Qb5+ Bd7 19. Nxd7 Bxe3+ 20. Kh1 Qxd7 21. Qxd7+ Kxd7 22. Rxf7+ Ke8 23. Rxb7 Rc8 24. Re1 Rf8 25.
Rb3 Bf2 26. Rxe6+ Kf7 27. Bd5 Kg8 28. Re7+ Kh8 29. Kg2 Bc5 30. Re2 Rcd8 31. Bf3 g6 32. Rb5 Bb4 33. Rb7 Rd3 34. Be4 Rd1 35. Rc7 Re8 36.
Bf3 Rf8 37. Be4 Ra1 38. b3 Rd1 39. Bc2 Rc1 40. Rc4 Rcf1 41. Be4 Rd1 42. Bc2 Rc1 43. Be4 Ra1 44. Bc2 Kg7 45. Be4 Rf7 46. Bf3 Rb1 47. Bd5 Rd7 48. Be6 Re7 49. Rce4 Rc1 50. Bc4 Rd7 51. Re8 Bc5 52. Rg8+ Kh6 53. Rc8 Rg1+ 54. Kh3 Bb4 55. Rce8 Rf7 56. Bxf7 Kg7 57.
Bc4 1-0

[Event "Early-Titled-Tuesday-Blitz-March-26-2024"]
[Site "Chess.com"]
[Date "2024.03.26"]
[Round "4"]
[White "AccioChess"]
[Black "newyorkmouse"]
[Result "0-1"]
[WhiteElo "2523"]
[BlackElo "2714"]
[TimeControl "180+1"]
[EndTime "8:39:01 PDT"]
[Termination "newyorkmouse won on time"]

1. e4 c6 2. d4 d5 3. e5 Na6 4. Bxa6 Qa5+ 5. Nc3 Qxa6 6. Nge2 Bf5 7. O-O e6 8. Ng3 Bg6 9. h4 h6 10. h5 Bh7 11. Nce2 Ne7 12. Nf4 Nf5 13. Nxf5 Bxf5 14. Be3 Be7 15. c3 O-O-O 16. b4 g5 17. hxg6 fxg6 18. a4 Qc4 19. Qd2 g5 20. Nh5 Rdg8 21. b5 c5 22. dxc5 Bxc5 23. Nf6 Rg6 24. Bxc5 Qxc5 25. Qd4 Qc7 26. Qxa7 Qxe5 27. Qa8+ Qb8 28. Qxb8+ Kxb8 29. Nd7+ Kc7 30. Ne5 Rg7 31. c4 Kd6 32. Rfe1 h5 33. Rad1 h4 34. f3 h3 35.
g4 Bc2 36. Rd2 Bxa4 37. Kh2 Kc5 38. cxd5 exd5 39. Rc1+ Kxb5 40. Rxd5+ Ka6 41. Rd6+ Ka7 42. Nc4 Rc8 43. Rb6 Rgc7 44. Rcb1 Rxc4 45. Rxb7+ Ka8 46. Rg7 R4c5 47. Kxh3 R8c7 48. Rg8+ Ka7 49. Ra1 Ra5 50. Rf8 Kb6 51. Rf5 Rxf5 52. gxf5 Bd7 53. Kg4 Rc5 54.
Rb1+ Kc7 55. Kxg5 Rxf5+ 56. Kg6 Rxf3 57. Rc1+ Kd8 58. Rd1 Ke7 59. Ra1 Rg3+ 60. Kh5 Kf6 61. Ra6+ Be6 62. Ra4 Rc3 0-1

[Event "Early-Titled-Tuesday-Blitz-March-26-2024"]
[Site "Chess.com"]
[Date "2024.03.26"]
[Round "4"]
[White "MatyChess1"]
[Black "jaskol95"]
[Result "1-0"]
[WhiteElo "2646"]
[BlackElo "2472"]
[TimeControl "180+1"]
[EndTime "8:39:01 PDT"]
[Termination "MatyChess1 won by checkmate"]

1. Nf3 d5 2. e3 Nf6 3. b3 c5 4. Bb2 e6 5. g3 Nc6 6. Bg2 b6 7. O-O Bb7 8. c4 Bd6 9. cxd5 exd5 10. d4 O-O 11. Nc3 Ba6 12. Re1 Nb4 13. Bf1 Bxf1 14.
Kxf1 Qc8 15. Qe2 c4 16. Kg2 Nd3 17. Red1 Bb4 18. bxc4 dxc4 19. Rab1 Re8 20. Ba1 Qg4 21. Ne5 Qf5 22. Nxd3 cxd3 23. Qxd3 Qh5 24. Qe2 Qh6 25.
Rxb4 Rac8 26. Qf3 Qg6 27. Rd2 h5 28. h3 Ne4 29. Nxe4 Rxe4 30. Rb5 Rc1 31. Bb2 Rb1 32.
Qxh5 Qc6 33. Qd5 Qg6 34. Qd8+ Kh7 35. Qd5 Kg8 36. Qf5 Qc6 37. Rd5 Re6 38. Qf3 Rf6 39. Rd8+ Kh7 40. Qxc6 Rxc6 41. d5 Rc4 42. a3 Re1 43.
Rd7 Kg6 44. Bd4 Rcc1 45. Rxa7 Kf5 46. Kf3 Rf1 47. g4+ Kg6 48. Rb7 Rh1 49. Rxb6+ f6 50.
d6 Rxh3+ 51. Ke2 Rhh1 52. d7 Rh8 53. Bxf6 gxf6 54. d8=Q Rxd8 55. Rxd8 Rc2+ 56. Rd2 Rc3 57. Ra2 Rc5 58. a4 Ra5 59. Rb5 Ra7 60. a5 f5 61.
a6 fxg4 62. Rb6+ Kf5 63. Ra5+ Ke4 64. Rb4# 1-0

[Event "Early-Titled-Tuesday-Blitz-March-26-2024"]
[Site "Chess.com"]
[Date "2024.03.26"]
[Round "4"]
[White "leoduarte"]
[Black "PolandHussars"]
[Result "1/2-1/2"]
[WhiteElo "2409"]
[BlackElo "2548"]
[TimeControl "180+1"]
[EndTime "8:39:01 PDT"]
[Termination "Game drawn - insufficient material"]

1. d4 Nf6 2. Bf4 c5 3. d5 e6 4.
c4 exd5 5. cxd5 d6 6. Nc3 Nh5 7. Bc1 a6 8. a4 g6 9. e4 Bg7 10. Nf3 Bg4 11. Be2 O-O 12. h3 Bxf3 13. Bxf3 Nf6 14.
O-O Re8 15. Bf4 Qc7 16. Re1 Nbd7 17. Bh2 Rab8 18. a5 c4 19. Ra2 Ne5 20. Be2 Nfd7 21. f4 Nd3 22. Bxd3 cxd3 23. Qxd3 Nc5 24. Qc4 Rbc8 25. b4 Bxc3 26. Qxc3 Nxe4 27. Qxc7 Rxc7 28. f5 gxf5 29. Rae2 Rec8 30. Rf1 Rc1 31. g4 Rxf1+ 32. Kxf1 Nc3 33. Rc2 fxg4 34. hxg4 Rc4 35. Bxd6 Nxd5 36.
Rxc4 Ne3+ 37. Ke2 Nxc4 38. Bf4 Kg7 39. Kd3 Na3 40. Kd4 Nc2+ 41. Kc5 Kg6 42. Bd2 f5 43. gxf5+ Kxf5 44. Kb6 h5 45. Kxb7 h4 46. b5 h3 47.
bxa6 h2 48. a7 h1=Q+ 49. Kb8 Qh8+ 50. Kb7 Qg7+ 51. Kb8 Qf8+ 52. Kb7 Qe7+ 53. Kb8 Qd8+ 54. Kb7 Qd7+ 55. Kb8 Qb5+ 56. Kc8 Qc6+ 57. Kb8 Qd6+ 58. Kb7 Nb4 59. Bxb4 Qxb4+ 60. Kc8 Qc5+ 61. Kb7 Qb5+ 62. Kc8 Qd5 63. Kb8 Qd8+ 64. Kb7 Qe7+ 65. Kb8 Qb4+ 66.
Kc8 Qxa5 67. Kb8 Qb6+ 68. Ka8 Qc5 69. Kb8 Qd6+ 70. Kb7 Qe7+ 71. Kb8 Qe5+ 72. Kb7 Qe4+ 73. Kb8 Qb1+ 74. Ka8 Qa2 75. Kb8 Qb3+ 76. Kc8 Qf3 77. Kb8 Qf4+ 78. Kb7 Qe4+ 79. Kb8 Qe8+ 80. Kb7 Qb5+ 81.
Ka8 Qc5 82. Kb7 Qc4 83. a8=Q Qe4+ 84. Kb8 Qxa8+ 85. Kxa8 1/2-1/2

[Event "Early-Titled-Tuesday-Blitz-March-26-2024"]
[Site "Chess.com"]
[Date "2024.03.26"]
[Round "4"]
[White "XDPS"]
[Black "Zavgorodniy_Sergiy"]
[Result "0-1"]
[WhiteElo "2897"]
[BlackElo "2634"]
[TimeControl "180+1"]
[EndTime "8:39:04 PDT"]
[Termination "Zavgorodniy_Sergiy won by checkmate"]

1. d4 d5 2. Bf4 Nf6 3. e3 e6 4. Nf3 c5 5. c3 Bd6 6. Bg3 Qc7 7.
Nbd2 Nbd7 8. c4 Bxg3 9. hxg3 dxc4 10. Bxc4 O-O 11. Rc1 a6 12. Bd3 b6 13. Bb1 Bb7 14. g4 g6 15. g5 Nd5 16. dxc5 Rac8 17.
c6 Bxc6 18. Nd4 Qd6 19. Qg4 Bb7 20. Rd1 Ne5 21. Qh4 h5 22. gxh6 Kh7 23. a3 f6 24.
Ne4 Qe7 25. Qg3 Rg8 26. O-O Rcf8 27. Qh3 f5 28. Nd2 Ng4 29. N2f3 e5 30. Ne2 e4 31.
Nfd4 Rf6 32. Nf4 Nxf4 33. exf4 e3 34. fxe3 Qxe3+ 35. Qxe3 Nxe3 36. Rde1 Nxf1 37. Re7+ Kxh6 38. Rxb7 Nd2 39. Bc2 Rd6 40. Ne2 Ne4 41. Bxe4 fxe4 42. Ng3 Re8 43. f5 e3 44. Kf1 e2+ 45. Nxe2 Rd1+ 46.
Kf2 Rd2 47. Rxb6 Rexe2+ 48. Kf3 Rxb2 49. Rxg6+ Kh7 50. g4 Rf2+ 51. Kg3 Rfc2 52. Rxa6 Rc7 53. Kh4 Rg2 54. Kh3 Rg1 55. Rg6 Rg7 56. Re6 R1xg4 57. a4 Rxa4 58. Re3 Ra1 59. Rf3 Rh1# 0-1

[Event "Early-Titled-Tuesday-Blitz-March-26-2024"]
[Site "Chess.com"]
[Date "2024.03.26"]
[Round "4"]
[White "chess_blitz00"]
[Black "Mikhail_Golubev"]
[Result "1-0"]
[WhiteElo "2552"]
[BlackElo "2712"]
[TimeControl "180+1"]
[EndTime "8:39:04 PDT"]
[Termination "chess_blitz00 won on time"]

1. d4 Nf6 2. Bf4 d6 3. Nf3 Nbd7 4. h3 c5 5. c3 cxd4 6. cxd4 Ne4 7. Nc3 Qa5 8. Bd2 Nxd2 9. Qxd2 g6 10. e4 Bg7 11.
Bc4 O-O 12. Bb3 Nb6 13. Nd5 Qxd2+ 14. Kxd2 Nxd5 15. Bxd5 e6 16. Bb3 Bd7 17. g4 a5 18.
Rac1 a4 19. Bc4 Bc6 20. Bd3 f5 21. Ke3 fxe4 22. Bxe4 Bxe4 23. Kxe4 Rf6 24. Ng5 h6 25.
Nf3 Raf8 26. Nh4 g5 27. Ng2 Rxf2 28. Ne3 Rxb2 29. Rhf1 d5+ 30. Kd3 Rxf1 31. Nxf1 Rxa2 32. Rc8+ Bf8 33. Nd2 a3 34. Rb8 Rb2 35. Ra8 Kf7 36. Nf3 Rb3+ 37. Ke2 Bd6 38. Ne1 Rb2+ 39. Ke3 Bf4+ 40. Kf3 Rb3+ 41. Ke2 b5 42. Nd3 Bd6 43. Ra7+ Kf6 44. Ra6 Be7 45. Ne5 Rb2+ 46. Kd3 a2 47. Ra7 b4 48. Nd7+ Kf7 49. Ne5+ Ke8 50. Ra8+ Bd8 51. Nc6 Kd7 52. Ne5+ Kc7 53. Ra7+ Kb6 54. Ra8 b3 55. Nd7+ Kb7 56. Ra4 Kc7 57. Nc5 Rb1 58.
Nxe6+ 1-0

[Event "Early-Titled-Tuesday-Blitz-March-26-2024"]
[Site "Chess.com"]
[Date "2024.03.26"]
[Round "4"]
[White "kritipatel"]
[Black "ural58"]
[Result "0-1"]
[WhiteElo "2196"]
[BlackElo "2457"]
[TimeControl "180+1"]
[EndTime "8:39:05 PDT"]
[Termination "ural58 won by resignation"]

1. e4 d5 2. exd5 Qxd5 3. d4 Nc6 4. Nf3 Bg4 5. Nc3 Qf5 6. Be2 O-O-O 7. Be3 e5 8. d5 Bb4 9. O-O Bxc3 10. bxc3 e4 11. Nd4 Bxe2 12. Qxe2 Nxd4 13. Bxd4 Nf6 14. c4 c6 15. Bxa7 cxd5 16. cxd5 Qxd5 17. Rfd1 Qc6 18.
Rab1 Rxd1+ 19. Qxd1 Rd8 20. Qe2 Rd5 21. h3 b5 22. Be3 Kd7 23. Rc1 Qc4 24. Qxc4 bxc4 25. Rb1 Ra5 26. Rb4 Nd5 27. Rxc4 Nxe3 28. fxe3 Rxa2 29. c3 f5 30. Kh2 Re2 31. Ra4 Rxe3 32. Ra7+ Ke6 33. Rxg7 Rxc3 34. Rxh7 e3 35. Rh8 f4 36. Re8+ Kf5 37. Kg1 Rc1+ 38. Kh2 Rc2 39. Kg1 Rc1+ 40. Kh2 Rd1 41. Re7 Kf6 42. Re8 Rf1 43.
Re4 Kg5 44. Re8 Rf2 45. Re5+ Kf6 46. Re8 e2 47. Re4 f3 48. Kg3 Rf1 49. gxf3 e1=Q+ 50.
Rxe1 Rxe1 51. Kg4 Kg7 52. f4 Rg1+ 53. Kf5 Ra1 54. Kg4 Ra5 55. h4 Kf6 56. h5 Rb5 57. Kh4 Kf5 58. h6 Kg6 59. h7 Kxh7 60. Kg4 Kg6 61. Kf3 Kf5 62. Kg3 Rb4 63. Kh3 Rxf4 0-1

[Event "Early-Titled-Tuesday-Blitz-March-26-2024"]
[Site "Chess.com"]
[Date "2024.03.26"]
[Round "4"]
[White "Hui_Li_Macau"]
[Black "TangerineandLemon25"]
[Result "0-1"]
[WhiteElo "2405"]
[BlackElo "2595"]
[TimeControl "180+1"]
[EndTime "8:39:09 PDT"]
[Termination "TangerineandLemon25 won on time"]

1. e4 c5 2. Nf3 d6 3. d4 cxd4 4.
Nxd4 Nf6 5. Nc3 a6 6. Be2 e5 7. Nb3 Be7 8. O-O O-O 9. Be3 Be6 10.
Qd2 Nbd7 11. a4 Rc8 12. a5 Qc7 13. Rfd1 Rfd8 14. Qe1 Qb8 15. Bf3 Rc7 16. Nc1 Rdc8 17. N1a2 Bxa2 18. Rxa2 Rxc3 19. bxc3 Qc7 20. Ra3 Nc5 21. Bg5 Ne8 22. Be3 Nf6 23. Bg5 Nd5 24.
Bc1 Nf4 25. h4 Nfe6 26. g3 Nd7 27. Be3 Nb8 28. Bb6 Qc5 29. Bxc5 Nxc5 30. Qe2 Rc7 31. Qc4 Nc6 32. Qd5 Na7 33. Raa1 Nb5 34. Qb3 Nxb3 35. cxb3 Rxc3 36. Rac1 Rxf3 37. Rc8+ Bf8 38. Kg2 Rc3 39. Rb8 Rc7 40. Rd5 f6 41. b4 Kf7 42. f4 Be7 43. fxe5 fxe5 44. Rd3 Nd4 45. Kh3 Ke6 46. Rg8 g6 47. Rd1 Bf6 48. Rf1 Rf7 49. Re8+ Kd7 50.
Rb8 Kc7 51. Re8 Kd7 52. Rb8 Ke6 53. Rc1 Nc6 54. b5 Nxb8 0-1

[Event "Early-Titled-Tuesday-Blitz-March-26-2024"]
[Site "Chess.com"]
[Date "2024.03.26"]
[Round "4"]
[White "Agibileg"]
[Black "AlmasRakhmatullaev"]
[Result "1-0"]
[WhiteElo "2764"]
[BlackElo "2904"]
[TimeControl "180+1"]
[EndTime "8:39:10 PDT"]
[Termination "Agibileg won on time"]

1. d4 d5 2. c4 c6 3. Nf3 Nf6 4. Nc3 a6 5. c5 Bf5 6. h3 h6 7. Bf4 Nbd7 8. e3 e6 9. Be2 Be7 10. O-O O-O 11. Bh2 Qc8 12. Bd3 Bd8 13. Bxf5 exf5 14.
Qc2 g6 15. Ne5 Re8 16. g4 fxg4 17. Nxg6 fxg6 18. Qxg6+ Kh8 19. Qxh6+ Nh7 20. hxg4 Nf6 21. f3 Re6 22. Qh3 Bc7 23. Bxc7 Qxc7 24. g5 Rg8 25. f4 Re7 26. Kf2 Qd7 27. Qxd7 Nxd7 28. Rh1 Kg7 29. Rh6 Rge8 30. Rah1 Nhf8 31. R1h3 Re6 32. R6h5 Kg6 33. Ne2 b6 34. b4 a5 35. a3 axb4 36. axb4 b5 37.
Rh6+ Kg7 38. R6h4 Re4 39. Ng3 R4e6 40. Nf5+ Kg8 41. Nd6 Ra8 42. Rh8+ Kg7 43. Nf5+ Kf7 44. Nd6+ Ke7 45. f5 Rxd6 46. cxd6+ Kxd6 47. g6 Ra2+ 48. Kf3 Nf6 49. Rxf8 Ne4 50. Kg4 Nf2+ 51. Kh4 1-0

[Event "Early-Titled-Tuesday-Blitz-March-26-2024"]
[Site "Chess.com"]
[Date "2024.03.26"]
[Round "4"]
[White "daika91"]
[Black "jcibarra"]
[Result "0-1"]
[WhiteElo "2720"]
[BlackElo "3001"]
[TimeControl "180+1"]
[EndTime "8:39:11 PDT"]
[Termination "jcibarra won by resignation"]

1. d4 Nf6 2. c4 d6 3. Nf3 g6 4. Nc3 Bf5 5. h3 Ne4 6. Qb3 Nxc3 7. bxc3 b6 8. Nd2 Bg7 9. g4 Bd7 10. Bg2 Nc6 11. Qc2 O-O 12. O-O Rc8 13. e4 Na5 14. Re1 e5 15. d5 Bh6 16. Nb3 Bxc1 17. Nxa5 Bf4 18. Nb3 h5 19. gxh5 Qg5 20. Kf1 Qxh5 21. Qd3 Kg7 22. Nc1 Rh8 23. Ne2 Bxh3 24. Nxf4 exf4 25.
Bxh3 Qxh3+ 26. Ke2 Qxd3+ 27. Kxd3 Kf6 28. a4 Rh3+ 29.
Kd4 Rf3 30. Ra2 Rh8 31. e5+ dxe5+ 32. Rxe5 Rhh3 33. Re8 Rd3+ 34. Ke4 Rxc3 35. d6 Rxc4+ 36. Kd5 Rc5+ 37. Kd4 cxd6 38. Rd8 Ke7 39. Ra8 Ra5 40. Ke4 Rb3 41. Kxf4 Rb4+ 42. Kg3 Rbxa4 43. Re2+ Kf6 44.
Rd8 Rg5+ 45. Kh3 Rd5 46. Rd7 Rd3+ 47. Kg2 Rg4+ 48. Kh2 Rd5 49. Kh3 Rg1 50. Kh2 Rdg5 51. Ree7 R1g4 52. Rxf7+ Ke6 53. Kh3 Rg1 54. Kh2 Ra1 55.
Rfe7+ Kd5 56. Re3 Kc6 57. Rg7 Ra4 58. Kh3 Rh5+ 59. Kg3 Rg5+ 60. Kh3 Raa5 61. Rc3+ Rac5 62. Re3 Rh5+ 63. Kg3 Rcg5+ 64. Kf4 Rf5+ 65. Kg4 Rxf2 66. Rc3+ Rc5 67. Re3 a5 68. Rxg6 Rg2+ 69. Kf4 Rxg6 0-1

[Event "Early-Titled-Tuesday-Blitz-March-26-2024"]
[Site "Chess.com"]
[Date "2024.03.26"]
[Round "4"]
[White "ATM622"]
[Black "Donskov_AN"]
[Result "0-1"]
[WhiteElo "2492"]
[BlackElo "2363"]
[TimeControl "180+1"]
[EndTime "8:39:12 PDT"]
[Termination "Donskov_AN won by resignation"]

1. d4 c5 2. d5 Nf6 3. c4 d6 4. Nc3 e5 5. g3 Be7 6. Bg2 a6 7. Nf3 h6 8. O-O Nbd7 9. e4 Rb8 10. a4 g5 11. Ne1 Nf8 12. Nd3 Ng6 13. f4 gxf4 14. gxf4 Rg8 15. Kh1 Nh4 16. Rg1 Nxg2 17.
Rxg2 Rxg2 18. Kxg2 Nd7 19. Qh5 Bf6 20. f5 Ke7 21. Bxh6 Qh8 22. Rg1 b5 23. axb5 axb5 24. Nxb5 Ba6 25. Kh1 Bxb5 26. cxb5 Rxb5 27. Rc1 Rb3 28.
Nf2 Rxb2 29. Ng4 Rb4 30. Re1 c4 31. Qh3 Rb3 32. Qf1 Rd3 33. Rc1 Rd4 34. Rxc4 Qg8 35. h3 Qb8 36. Rxd4 exd4 37. Nxf6 Nxf6 38. Bg5 Qb2 39. Qd3 Qc3 40. Qxc3 dxc3 41. Kg2 c2 42. Kf3 Ke8 43. h4 Nd7 44. Bc1 Nc5 45. Ke3 Nb3 46. Bb2 c1=Q+ 47. Bxc1 Nxc1 48. h5 f6 49. Kd2 Nb3+ 50.
Ke3 Nc5 51. Kd4 Kf7 52. Ke3 Kg7 53. Kd4 Kh6 54. e5 fxe5+ 55. Kc4 Kxh5 56. Kc3 Kg5 57. f6 Kxf6 0-1

[Event "Early-Titled-Tuesday-Blitz-March-26-2024"]
[Site "Chess.com"]
[Date "2024.03.26"]
[Round "4"]
[White "mishanick"]
[Black "mbojan"]
[Result "0-1"]
[WhiteElo "3091"]
[BlackElo "2895"]
[TimeControl "180+1"]
[EndTime "8:39:14 PDT"]
[Termination "mbojan won by resignation"]

1. d4 g6 2. e4 Nf6 3. Nc3 d5 4. e5 Ne4 5. Nxe4 dxe4 6. c3 c5 7. Bb5+ Bd7 8. Bxd7+ Qxd7 9. Ne2 Nc6 10. Be3 Rd8 11. O-O cxd4 12. cxd4 f5 13. Qb3 e6 14.
Rfd1 Nb4 15. Nf4 Nd5 16. Rac1 Be7 17. Nxd5 exd5 18. Rc2 O-O 19. Bh6 Rf7 20. Rdc1 Qe6 21. Qe3 Bf8 22. Qg5 Re8 23. Bxf8 Kxf8 24. Rc7 Kg8 25. g3 Kg7 26. Rxf7+ Qxf7 27. Rc5 h6 28.
Qc1 Re7 29. Rc8 g5 30. Qc5 f4 31. Qd6 e3 32. fxe3 fxe3 33. Rc2 g4 34. Re2 Rc7 35.
Qf6+ Qxf6 36. exf6+ Kxf6 37. Rxe3 Rc2 38. Rb3 b6 39. Rb5 Ke6 40. a4 Rc4 41. a5 bxa5 42.
Rxa5 Rxd4 43. Rxa7 Rd2 44. b4 Rb2 45. Ra6+ Ke5 46.
Rxh6 Rxb4 47. Kf2 Rb2+ 48. Ke3 Rb3+ 49. Kd2 Ke4 50. Re6+ Kf3 51. Rf6+ Kg2 52. Rf4 Kh3 53. Kc2 Ra3 54. Kb2 Rf3 55. Rd4 Rf2+ 56. Kc3 Rxh2 57.
Rd3 Re2 58. Kd4 Rg2 59. Kxd5 Rxg3 60. Rd1 Ra3 61. Ke4 g3 62. Kf4 g2 63. Rb1 Kh2 64.
Rb2 Kh1 65. Rb8 g1=Q 0-1

[Event "Early-Titled-Tuesday-Blitz-March-26-2024"]
[Site "Chess.com"]
[Date "2024.03.26"]
[Round "4"]
[White "FGHSMN"]
[Black "RobertDowneyJr0111"]
[Result "1-0"]
[WhiteElo "2961"]
[BlackElo "2645"]
[TimeControl "180+1"]
[EndTime "8:39:15 PDT"]
[Termination "FGHSMN won by resignation"]

1. d4 d5 2. Bf4 Nf6 3. e3 c5 4. Nd2 Nc6 5. c3 Qb6 6. Qb3 c4 7.
Qc2 Bg4 8. h3 Bh5 9. b3 Bg6 10.
Qb2 e6 11. Ngf3 h6 12. Be2 Be7 13. Bd1 Rc8 14. O-O O-O 15. Ne5 Nxe5 16. Bxe5 Ne4 17. Nxe4 Bxe4 18. Bc2 Bxc2 19. Qxc2 a5 20. Rab1 Qa6 21.
Qd2 b5 22. e4 b4 23. exd5 exd5 24. bxc4 dxc4 25. Rfe1 Rfe8 26. d5 Rcd8 27. Qd4 Bf8 28. Re3 f6 29. Bf4 Rxe3 30. Bxe3 Qb5 31. Rd1 b3 32.
axb3 cxb3 33. c4 Qb4 34. Bd2 Qa4 35. Bc3 Bb4 36. Bb2 Qd7 37. c5 Qa7 38. Rc1 Rc8 39.
d6 Rxc5 40. Qd3 Rxc1+ 41. Bxc1 Qc5 42. Qxb3+ Kh8 43. Bf4 Qd4 44. Bg3 Bxd6 45. Bxd6 Qxd6 46. Qb5 Qd1+ 47. Kh2 Qd6+ 48. g3 Qe5 49. Qa6 Kh7 50. h4 h5 51. Qa8 Qf5 52. Kg2 Qc5 53. Qa7 f5 54. Qxc5 1-0

[Event "Early-Titled-Tuesday-Blitz-March-26-2024"]
[Site "Chess.com"]
[Date "2024.03.26"]
[Round "4"]
[White "ChessLover0108"]
[Black "monomita"]
[Result "1-0"]
[WhiteElo "2961"]
[BlackElo "2752"]
[TimeControl "180+1"]
[EndTime "8:39:17 PDT"]
[Termination "ChessLover0108 won by checkmate"]

1. Nf3 d5 2. d4 Nf6 3. c4 e6 4. e3 c5 5. cxd5 exd5 6. Bb5+ Bd7 7. Bxd7+ Nbxd7 8. dxc5 Nxc5 9. O-O Bd6 10. b3 O-O 11. Bb2 Rc8 12. Nc3 Nce4 13. Ne2 Re8 14. Ng3 Bxg3 15.
hxg3 Qa5 16. Nd4 Qa6 17. a4 Qb6 18. Qe2 a6 19. Rfc1 Qb4 20. Rc2 Rxc2 21. Qxc2 h5 22. Nf5 Qd2 23. Qxd2 Nxd2 24. Bxf6 gxf6 25. Rd1 Nxb3 26.
Rxd5 b6 27. Rd6 Re6 28. Rd8+ Kh7 29. f3 Nc5 30. e4 Nxa4 31. Rf8 b5 32. Rxf7+ Kg8 33.
Ra7 b4 34. Ne7+ Kf8 35. Nd5 b3 36. Rb7 b2 37. Rb3 Rc6 38. Kh2 Rc1 39. Rb8+ Kf7 40. Rb7+ Ke8 41. Nxf6+ Kd8 42. Nxh5 b1=Q 43. Rxb1 Rxb1 44.
g4 Nc5 45. g5 a5 46. g6 Ne6 47. f4 Rb7 48. f5 Ng7 49. Nf4 a4 50. f6 a3 51. Nd5 a2 52. f7 Ne6 53. g7 Rxf7 54. g8=Q+ Rf8 55. Qxe6 Rh8+ 56. Kg3 a1=Q 57. Qe7+ Kc8 58.
Qc7# 1-0

[Event "Early-Titled-Tuesday-Blitz-March-26-2024"]
[Site "Chess.com"]
[Date "2024.03.26"]
[Round "4"]
[White "valeriocarnicelli"]
[Black "DavidGavrilescu18"]
[Result "0-1"]
[WhiteElo "2558"]
[BlackElo "2768"]
[TimeControl "180+1"]
[EndTime "8:39:18 PDT"]
[Termination "DavidGavrilescu18 won by checkmate"]

1. e4 c5 2. Nf3 a6 3. c3 e6 4. d4 d5 5. e5 Bd7 6. Bd3 Nc6 7. a3 Qb6 8. dxc5 Bxc5 9. O-O Bf8 10. Re1 Nge7 11.
b4 Ng6 12. Bb2 Be7 13. Nbd2 O-O 14. c4 dxc4 15. Nxc4 Qc7 16. Rc1 Rad8 17. Qc2 Na7 18. Qb1 Qb8 19. g3 Bc6 20. Be4 Rd7 21. h4 Rfd8 22.
h5 Nf8 23. Kg2 b5 24. Na5 Bd5 25. Bxd5 Rxd5 26. Qe4 h6 27. Bd4 R8d7 28. Bxa7 Qxa7 29.
Rc8 Bd8 30. Nc6 Qb6 31. Rc1 Rc7 32. Rxc7 Qxc7 33. Rc2 Qd7 34. Nb8 Qb7 35. Nc6 Bb6 36.
Ncd4 Nh7 37. Rd2 Qd7 38. Nb3 Ng5 39. Nxg5 hxg5 40. Rxd5 exd5 41. Qd3 Qe6 42. Qe2 d4 43. Nd2 Qd5+ 44. Qe4 Qe6 45. Qa8+ Kh7 46. Qxa6 Qc6+ 47.
f3 d3 48. Kh3 Qe6+ 49. g4 Qc6 50. Ne4 f6 51. exf6 gxf6 52. a4 bxa4 53. Qxd3 Kg7 54. b5 Qc7 55. Qd5 a3 56. Qf5 a2 57. Qxf6+ Kg8 58.
h6 Qf7 59. Qxb6 a1=Q 60. Qd8+ Qf8 61. Qxg5+ Kh8 62. Qg6 Qxf3+ 63. Kh4 Qah1+ 64. Kg5 Qc1+ 65. Kh5 Qh3# 0-1

[Event "Early-Titled-Tuesday-Blitz-March-26-2024"]
[Site "Chess.com"]
[Date "2024.03.26"]
[Round "4"]
[White "Sattarov_Bobur"]
[Black "Philippians46"]
[Result "1-0"]
[WhiteElo "2858"]
[BlackElo "3010"]
[TimeControl "180+1"]
[EndTime "8:39:21 PDT"]
[Termination "Sattarov_Bobur won by checkmate"]

1. e4 c5 2. Nf3 d6 3. d4 cxd4 4. Nxd4 Nf6 5. Nc3 Nc6 6. f3 e5 7. Nb3 Be6 8. Be3 Be7 9. Qe2 Rc8 10. O-O-O O-O 11. g4 Nb4 12. Kb1 a5 13. Qb5 d5 14.
Bb6 Qd6 15. g5 Nd7 16. Bxa5 d4 17. Bxb4 Qxb4 18. Qxb4 Bxb4 19. Nd5 Bxd5 20. exd5 Nb6 21. f4 exf4 22. Rxd4 Bd6 23. Bb5 f6 24. h4 Be5 25.
Rb4 Nxd5 26. Bc4 Rfd8 27. Na5 Kf8 28. Rxb7 Rc5 29. Ra7 Rb8 30. Bb3 Bc7 31. Nc4 f3 32. Rf1 Rxc4 33. Bxc4 Ne3 34. Rxc7 Nxf1 35. Bxf1 Re8 36.
b4 Re1+ 37. Kb2 Rxf1 38. Rc3 fxg5 39. hxg5 f2 40. Rf3+ Ke7 41. a4 Kd6 42. Kc3 h5 43.
gxh6 gxh6 44. Kc4 h5 45. a5 h4 46. a6 h3 47. a7 Ra1 48. Rxf2 Rxa7 49. Rf6+ Ke5 50.
Rh6 Ra3 51. c3 Ra1 52. Rxh3 Rf1 53. Rd3 Rf8 54. Kb3 Ke4 55. Rd1 Ke3 56. b5 Ke2 57.
Rd7 Rf1 58. Kb4 Ke3 59. c4 Ke4 60. Kc5 Ke5 61. Kc6 Rf6+ 62. Kc7 Rf4 63. c5 Ke6 64. c6 Rb4 65. b6 Rb3 66. b7 Rb4 67.
b8=Q Rf4 68. Qe8+ Kf5 69. Rf7+ Kg4 70. Rxf4+ Kg5 71. Kd7 Kh6 72. c7 Kg5 73. c8=Q Kh6 74. Qc6+ Kg5 75. Qe5# 1-0

[Event "Early-Titled-Tuesday-Blitz-March-26-2024"]
[Site "Chess.com"]
[Date "2024.03.26"]
[Round "4"]
[White "teresin05"]
[Black "Kavyev_Ruslan"]
[Result "0-1"]
[WhiteElo "2269"]
[BlackElo "2408"]
[TimeControl "180+1"]
[EndTime "8:39:22 PDT"]
[Termination "Kavyev_Ruslan won on time"]

1. e4 c5 2. Nf3 Nc6 3. d4 cxd4 4.
Nxd4 Nf6 5. Nc3 e5 6. Ndb5 d6 7. Bg5 a6 8. Na3 b5 9. Nd5 Be7 10. Bxf6 Bxf6 11. c3 Rb8 12. Nc2 O-O 13. g3 Bg5 14.
Bg2 Be6 15. Nce3 Bxe3 16. Nxe3 Ne7 17. O-O Qc7 18. Qd2 Rfd8 19. a4 Qc5 20. axb5 axb5 21. Rfd1 b4 22. cxb4 Rxb4 23. Nd5 Bxd5 24. exd5 Rd4 25.
Qa5 Rxd1+ 26. Bf1 Qxa5 27. Rxa5 Rxd5 28. Ra7 Nf5 29. Kg2 Nd4 30. Bc4 Rc5 31. Bxf7+ Kh8 32. h4 h6 33. Bg6 Rc2 34. Bxc2 Nxc2 35. Rb7 Kg8 36. b4 Nd4 37. b5 Kf8 38. b6 Nc6 39. Rc7 Ne7 40. b7 Rb8 41. Rd7 Ke8 42. Rxd6 Rxb7 43. Re6 Rb5 44. f4 Kf7 45. Ra6 exf4 46. gxf4 Rb3 47. Ra5 Kf6 48. h5 Rb6 49. Kg3 Rd6 50.
Kg4 Rd5 51. Ra6+ Kf7 52. Ra7 Rd1 53. Rb7 Rg1+ 54. Kf3 Ke6 55. Rb6+ Kd7 56. Rb7+ Kd8 57. Rb8+ Kc7 58. Rf8 Kd6 59. Rb8 Nd5 60. Rd8+ Ke6 61. Re8+ Kd7 62. Rf8 Nf6 63. Rf7+ Ke6 64. Rb7 Nxh5 65.
Rb6+ Kf7 66. Rb7+ Kg8 67. Rb4 Rf1+ 68. Ke3 Rxf4 69. Rb5 Rh4 70. Rb8+ Kh7 71. Kf3 Nf6 72. Kg3 Ra4 73. Rb7 Kg6 74. Rb3 h5 75. Kg2 Rg4+ 76. Kh2 Rf4 0-1